 Dungeon Crawl Stone Soup version 0.29.1-13-g9f3cf754e1 (webtiles) character file.

Game seed: 16053760861695136339

0 Gamerboymanguy the Caller (level 1, 0/14 HPs)
             Began as a Demigod Summoner on Jan 26, 2023.
             Slain by a giant cockroach (2 damage)
             ... on level 2 of the Dungeon.
             The game lasted 00:05:58 (341 turns).

Gamerboymanguy the Caller (Demigod Summoner)         Turns: 341, Time: 00:05:58

Health: 0/14       AC:  2    Str:  9    XL:     1   Next: 6%
Magic:  5/5        EV: 12    Int: 17    God:
Gold:   16         SH:  0    Dex: 14    Spells: 2/3 levels left

rFire   . . .      SeeInvis .   (no weapon)
rCold   . . .      Faith    .   (no shield)
rNeg    . . .      Spirit   .   a - +0 robe
rPois   .          Reflect  .   (no helmet)
rElec   .          Harm     .   (no cloak)
rCorr   .          Rampage  .   (no gloves)
Will    .....                   (no boots)
Stlth   ++........              (no amulet)
HPRegen 0.04/turn               (no ring)
MPRegen 0.09/turn               (no ring)

@: no status effects
A: high MP 1, forlorn, divine attributes
a: no special abilities


You were on level 2 of the Dungeon.
You visited 1 branch of the dungeon, and saw 2 of its levels.

You collected 16 gold pieces.

Inventory:

Armour
 a - a +0 robe (worn)
Potions
 b - a potion of magic


   Skills:
 + Level 1.7 Dodging
 + Level 1.8 Stealth
 + Level 1.7 Spellcasting
 + Level 3.6 Summonings


You had 2 spell levels left.
You knew the following spells:

 Your Spells              Type           Power      Damage    Failure   Level
a - Summon Small Mammal   Summ           52%        N/A       4%          1

Your spell library contained the following spells:

 Spells                   Type           Power      Damage    Failure   Level
 Call Imp                 Summ           13%        N/A       7%          2
 Call Canine Familiar     Summ           13%        N/A       14%         3
 Summon Guardian Golem    Hex/Summ       7%         N/A       28%         3
 Summon Lightning Spire   Summ/Air       7%         N/A       67%         4


Dungeon Overview and Level Annotations

Branches:
Dungeon (2/15)


Innate Abilities, Weirdness & Mutations

You have an increased reservoir of magic. (+10% MP)
You shall have no god before yourself.
Your divine heritage dramatically boosts your attributes as you level up.


Message History

The bat hits you but does no damage. The giant cockroach barely misses you.
You hit the giant cockroach.
The giant cockroach is severely wounded.
The bat barely misses you. The giant cockroach barely misses you.
The bat hits you but does no damage.
You hit the giant cockroach but do no damage.
The giant cockroach is severely wounded.
The bat misses you. The giant cockroach bites you.
The kobold hits you with a +0 whip. The bat hits you.
You hit the giant cockroach but do no damage.
The giant cockroach is severely wounded.
The bat hits you but does no damage. The giant cockroach barely misses you.
The kobold barely misses you. The giant cockroach barely misses you.
You barely miss the giant cockroach.
The giant cockroach is severely wounded.
The giant cockroach barely misses you. The kobold hits you with a +0 whip.
The bat hits you.
You barely miss the giant cockroach.
The giant cockroach is heavily wounded.
The bat closely misses you.
The giant cockroach bites you but does no damage.
The kobold hits you with a +0 whip.
* * * LOW HITPOINT WARNING * * *
You barely miss the giant cockroach.
The giant cockroach is moderately wounded.
The giant cockroach barely misses you. The kobold barely misses you.
The bat hits you but does no damage.
You hit the kobold but do no damage. The bat barely misses you.
The bat hits you but does no damage. The giant cockroach barely misses you.
The kobold closely misses you.
You barely miss the kobold. The bat closely misses you.
The giant cockroach closely misses you. The kobold hits you with a +0 whip.
* * * LOW HITPOINT WARNING * * *
The giant cockroach bites you.
* * * LOW HITPOINT WARNING * * *
You hit the kobold but do no damage. The bat hits you but does no damage.
The giant cockroach bites you but does no damage.
The kobold barely misses you.
You closely miss the kobold. The giant cockroach bites you.
You die...

#####.#.# #.......#
#.###...# ## #.# #...#
... #.# #...# #... #.#
#...# #....##.# #...#
#.....Bb###...#
#......@K.....#########
#.....######..#.......#
#.... #.K.....#.#..
.... #.#.##.##.#.# #..
#.#..#.##.#.# ..
#.#..#.##.#.# #
#K#..#.##.#.###.#
#<...#.#........#
###.##....#.######


You could see a giant cockroach, a bat and a kobold.

Vanquished Creatures
  A frilled lizard (D:1)
1 creature vanquished.

Notes
Turn   | Place    | Note
-------+----------+-------------------------------------------
     0 | D:1      | Gamerboymanguy the Demigod Summoner began the quest for the
                  | Orb.
     0 | D:1      | Reached XP level 1. HP: 14/14 MP: 5/5
   341 | D:2      | Slain by a giant cockroach

Illustrated notes

Levels and vault maps discovered:
D:1:      lightli_arrival_quake, layout_basic, serial_forest,
          infiniplex_forest_fountain, infiniplex_forest_lined_4_way,
          infiniplex_forest_straight_1, infiniplex_forest_pool,
          infiniplex_forest_lined_corner, infiniplex_forest_lined_3_way,
          infiniplex_forest_clump_curved, infiniplex_forest_corner_2,
          infiniplex_forest_straight_3, shapermc_ecumenical_altar_flowoftime
D:2:      layout_basic, basic_altar

Action                   || total
-------------------------++-------
Melee: Unarmed           ||    23
       Punch             ||     1
  Use: Scroll            ||     1
Armor: Robe              ||    10
Dodge: Dodged            ||    32
